 Dungeon Crawl Stone Soup version 0.32-a0-19-g28bc0835a1 (webtiles) character file.

Game seed: 14871360022226599313

4 Bnni the Grave Robber (level 1, -2/13 HPs)
             Began as a Demonspawn Necromancer on Jan 17, 2024.
             Slain by a hobgoblin (5 damage)
             ... on level 1 of the Dungeon.
             The game lasted 00:00:21 (45 turns).

Bnni the Grave Robber (Demonspawn Necromancer)        Turns: 45, Time: 00:00:21

Health: -2/13      AC:  2    Str:  8    XL:     1   Next: 50%
Magic:  0/3        EV: 12    Int: 15    God:
Gold:   0          SH:  0    Dex: 13    Spells: 3/4 levels left

rFire   . . .        c - +0 hand axe
rCold   . . .        (no shield)
rNeg    . . .        a - +0 robe
rPois   .            (no helmet)
rElec   .            (no cloak)
rCorr   .            (no gloves)
SInv    .            (no boots)
Will    .....        (no amulet)
Stlth   ++           (no ring)
HPRegen 0.22/turn    (no ring)
MPRegen 0.08/turn

%: no passive effects
@: no status effects
A: no striking features
a: no special abilities


You were on level 1 of the Dungeon.
You visited 1 branch of the dungeon, and saw 1 of its levels.

Inventory:

Hand Weapons
 c - a +0 hand axe (weapon)
Armour
 a - a +0 robe (worn)
Scrolls
 d - a scroll of enchant weapon {unknown}
Potions
 b - a potion of magic


   Skills:
 + Level 0.3 Fighting
 - Level 1.7 Dodging
 - Level 1.7 Stealth
 + Level 2.0 Spellcasting
 * Level 4.5 Necromancy


You had 3 spell levels left.
You knew the following spells:

 Your Spells              Type           Power      Damage    Failure   Level
a - Necrotise             Necr           60%        1d7       3%          1

Your spell library contained the following spells:

 Spells                   Type           Power      Damage    Failure   Level
 Vampiric Draining        Necr           15%        2d7       11%         3
 Animate Dead             Necr           15%        N/A       34%         4
 Curse of Agony           Necr           15%        N/A       67%         5


Dungeon Overview and Level Annotations

Branches:
Dungeon (1/15)

Altars:


Message History

You barely miss the hobgoblin. The dart slug bites you.
The hobgoblin closely misses you.
Aiming: Necrotise (safe; 3% risk of failure)
Press: ? - help, Q - select action Shift-Dir - straight line, f - hobgoblin, p - dart slug
Aim: a hobgoblin, wearing a +0 ring mail (chance to affect: 84%)
The hobgoblin writhes in agony.
The hobgoblin misses you. The dart slug closely misses you.
Unknown command.
Aiming: Necrotise (safe; 3% risk of failure)
Press: ? - help, Q - select action Shift-Dir - straight line, f/p - hobgoblin
Aim: a hobgoblin, wearing a +0 ring mail (moderately wounded, chance to affect: 84%)
The hobgoblin barely resists.
The hobgoblin misses you. The dart slug bites you.
Unknown command.
You don't have enough magic to cast this spell.
Unknown command.
You hit the hobgoblin but do no damage.
The hobgoblin is moderately wounded.
You hit the dart slug but do no damage. The hobgoblin barely misses you.
The dart slug bites you.
* * * LOW HITPOINT WARNING * * *
Unknown command.
You are too injured to fight recklessly!
You hit the dart slug.
The dart slug is almost dead.
You closely miss the hobgoblin. The hobgoblin completely misses you.
The hobgoblin misses you.
Unknown command.
You hit the dart slug.
You kill the dart slug!
You barely miss the hobgoblin. The hobgoblin barely misses you.
Unknown command.
You hit the hobgoblin but do no damage.
The hobgoblin is moderately wounded.
The hobgoblin hits you.
* * * LOW HITPOINT WARNING * * *
You hit the hobgoblin.
The hobgoblin is heavily wounded.
The hobgoblin closely misses you. The hobgoblin hits you.
You die...

#########
#........
#†......# #@.# .
##.g###..
#........g
#........#
###........#
#.........##
######...#....(#
..............##
...........#....


You could see a hobgoblin.

Vanquished Creatures
  A dart slug (D:1)
  A goblin (D:1)
2 creatures vanquished.

Notes
Turn   | Place    | Note
-------+----------+-------------------------------------------
     0 | D:1      | Bnni the Demonspawn Necromancer began the quest for the
                  | Orb.
     0 | D:1      | Reached XP level 1. HP: 13/13 MP: 3/3
    45 | D:1      | Slain by a hobgoblin

Illustrated notes

Levels and vault maps discovered:
D:1:      erik_arrival_orb_chamber, layout_loops_cross, serial_bayou_crossing

Action                     || total
---------------------------++-------
  Melee: Hand axe          ||    12
   Cast: Necrotise         ||     3
 Armour: Robe              ||     8
  Dodge: Dodged            ||    13

Table legend: (Time is in decaauts)
 A = Elapsed time spent in this place.
 B = Non-inter-level travel time spent in this place.
 C = Inter-level travel time spent in this place.
 D = Time resting spent in this place.
 E = Time spent auto-exploring this place.
 F = Levels seen in this place.
 G = Mean time per level.
                   A        B        C        D        E       F      G
               +--------+--------+--------+--------+--------+-----+--------+
         Total |     47 |     47 |      0 |      0 |     14 |   1 |   47.0 |
       Dungeon |     47 |     47 |      0 |      0 |     14 |   1 |   47.0 |
               +--------+--------+--------+--------+--------+-----+--------+

Top non-repeatable levels by time:
     D:1: 47 daAuts
